 Dungeon Sprint DCSS version 0.28.0-53-g5a82cb258f (webtiles) character file.

Game seed: 17657819803638876592

275 Zeld the Cleaver (level 6, -14/64 HPs)
             Began as a Minotaur Berserker on June 13, 2022.
             Was a Priest of Trog.
             Demolished by a wandering mushroom (19 damage)
             ... in the Dungeon (Sprint IV: "Fedhas' Mad Dash").
             The game lasted 00:01:24 (2131 turns).

Zeld the Cleaver (Minotaur Berserker)               Turns: 2131, Time: 00:01:25

Health: -14/64     AC:  2    Str: 24    XL:     6   Next: 3%
Magic:  4/5        EV: 13    Int:  4    God:    Trog [***...]
Gold:   117        SH:  0    Dex:  9    Spells: 5/5 levels left

rFire   . . .      SeeInvis .   a - +0 hand axe
rCold   . . .      Faith    .   (no shield)
rNeg    . . .      Spirit   .   b - +0 animal skin
rPois   .          Reflect  .   (helmet restricted)
rElec   .          Harm     .   (no cloak)
rCorr   .          Rampage  .   (no gloves)
Will    .....      NoTele   +   (no boots)
Stlth   +.........              i - amulet of invisibility {+Inv}
HPRegen 0.20/turn               (no ring)
MPRegen 0.09/turn               (no ring)

@: confused, on berserk cooldown, very slightly contaminated, slowed, very slow
A: horns 2, retaliatory headbutt
a: Renounce Religion, Evoke Invisibility, Berserk, Trog's Hand


You were in the Dungeon.
You worshipped Trog.
Trog was most pleased with you.
You visited 1 branch You collected 117 gold pieces.

Inventory:

Hand Weapons
 a - a +0 hand axe (weapon)
Armour
 b - a +0 animal skin (worn)
Jewellery
 i - the amulet of invisibility (around neck) {+Inv}
   (You found it in the Dungeon)

   [amulet of nothing]

   +Inv:      It lets you turn invisible.
Potions
 c - a potion of curing
 f - 2 potions of magic
 g - a potion of berserk rage


   Skills:
 * Level 9.4 Fighting
 * Level 9.4 Axes
 + Level 6.6 Armour
 + Level 5.9 Dodging


You had 5 spell levels left.
You didn't know any spells.
Your spell library was empty.

Dungeon Overview and Level Annotations

Branches:
Dungeon (1/1)

Altars:
Cheibriados
Dithmenos
Elyvilon
Gozag
Hepliaklqana
Kikubaaqudgha
Makhleb
Nemelex Xobeh
Okawaru
Qazlal
Ru
Sif Muna
Trog
Uskayaw
Vehumet
Wu Jian
Xom
Yredelemnul
Zin
The Shining One
Beogh
Jiyva
Lugonu

Shops:
D =(

Annotations:
D exclusion: oklob sapling


Innate Abilities, Weirdness & Mutations

You have a pair of horns on your head.
You reflexively headbutt those who attack you in melee.


Message History

You are engulfed in a cloud of spores!
You are more confused.
Unknown command.
Unknown command.
You feel your anger nearly subside.
You are no longer berserk.
You are exhausted.
You feel yourself slow down.
There is an open door here.
You are too confused!
Unknown command.
You hit the wandering mushroom. You headbutt the wandering mushroom.
The wandering mushroom is severely damaged.
You flicker for a moment.
The wandering mushroom releases spores at you!
* * * LOW HITPOINT WARNING * * *
You are engulfed in a cloud of spores!
You bump into the stone wall.
The wandering mushroom misses you.
The wandering mushroom closely misses you.
The wandering mushroom releases spores at you.
* * * LOW HITPOINT WARNING * * *
You are engulfed in a cloud of spores!
You bump into the stone wall.
The wandering mushroom misses you.
The wandering mushroom releases spores at you but does no damage.
The wandering mushroom barely misses you.
You hit the wandering mushroom.
Your headbutt misses the wandering mushroom.
The wandering mushroom is moderately damaged.
You hit the wandering mushroom.
You flicker back into view.
The wandering mushroom releases spores at you.
* * * LOW HITPOINT WARNING * * *
You are engulfed in a cloud of spores!
The wandering mushroom closely misses you.
Unknown command.
You slash the wandering mushroom!
Your headbutt misses the wandering mushroom.
The wandering mushroom is almost destroyed.
You hit the wandering mushroom.
The wandering mushroom releases spores at you!!
You die...

################## ####
_._._._.⌠.#..'..@# ...#
._._._._..'..#.ff# ..P+
_._._._...#..###s##.[!#
._._._._..#..##∩∩.'f..#
_._._._.⌠.#############
###########


You could see 2 wandering mushrooms and a scorpion.

Vanquished Creatures
  2 scorpions (D)
  3 oklob saplings (D)
  2 spriggans (D)
  A river rat (D)
  A rat (D)
9 creatures vanquished.

Vanquished Creatures (others)
  2 fungi (D)
2 creatures vanquished.

Grand Total: 11 creatures vanquished

Notes
Turn   | Place    | Note
-------+----------+-------------------------------------------
     0 | D        | Zeld the Minotaur Berserker began the quest for the Orb.
     0 | D        | Reached XP level 1. HP: 19/19 MP: 0/0
    11 | D        | Reached XP level 2. HP: 5/28 MP: 1/1
   144 | D        | Noticed an oklob sapling
   458 | D        | Killed an oklob sapling
   458 | D        | Reached ** piety under Trog
   459 | D        | Reached skill level 5 in Fighting
   459 | D        | Reached skill level 5 in Axes
   459 | D        | Reached XP level 3. HP: 22/37 MP: 2/2
   671 | D        | Noticed a scorpion
   671 | D        | Found the amulet of invisibility {+Inv}
   676 | D        | Killed a scorpion
   677 | D        | Reached XP level 4. HP: 45/45 MP: 3/3
  1450 | D        | Found an opulent altar of Gozag.
  1450 | D        | Found a hazy altar of Hepliaklqana.
  1450 | D        | Found a burning altar of Makhleb.
  1450 | D        | Found a sparkling altar of Nemelex Xobeh.
  1450 | D        | Found a snail-covered altar of Cheibriados.
  1450 | D        | Found a sacrificial altar of Ru.
  1450 | D        | Found a shimmering blue altar of Sif Muna.
  1450 | D        | Found a shimmering altar of Xom.
  1450 | D        | Found a basalt altar of Yredelemnul.
  1451 | D        | Found a viscous altar of Jiyva.
  1451 | D        | Found a bloodstained altar of Trog.
  1451 | D        | Found an ornate altar of the Wu Jian Council.
  1452 | D        | Found an iron altar of Okawaru.
  1452 | D        | Found a shadowy altar of Dithmenos.
  1452 | D        | Found a glowing silver altar of Zin.
  1453 | D        | Found an ancient bone altar of Kikubaaqudgha.
  1453 | D        | Found a hide-covered altar of Uskayaw.
  1454 | D        | Found a stormy altar of Qazlal.
  1454 | D        | Found a white marble altar of Elyvilon.
  1454 | D        | Found a glowing golden altar of the Shining One.
  1455 | D        | Found a corrupted altar of Lugonu.
  1455 | D        | Found a radiant altar of Vehumet.
  1462 | D        | Reached skill level 5 in Armour
  1462 | D        | Reached XP level 5. HP: 53/53 MP: 1/4
  1730 | D        | Reached skill level 5 in Dodging
  1754 | D        | Reached *** piety under Trog
  1780 | D        | Reached XP level 6. HP: 37/64 MP: 5/5
  1826 | D        | Found Xesat's Antique Weapon Shop.
  1826 | D        | Found Budis's Jewellery Emporium.
  2115 | D        | Noticed a burning bush
  2115 | D        | Noticed a wandering mushroom
  2115 | D        | Noticed a wandering mushroom
  2131 | D        | Demolished by a wandering mushroom

Illustrated notes

Levels and vault maps discovered:
D:        dungeon_sprint_fedhas [sprint_temple]

Skill      XL: |  1  2  3  4  5 |
---------------+----------------+-----
Fighting       | 4 5 6 7 9 |  9.4
Axes           | 4 5 6 7 9 |  9.4
Armour         | 3 4 5 6 |  6.6
Dodging        | 3 4 5 |  5.9

Action                   |  1- 3 |  4- 6 || total
-------------------------+-------+-------++-------
Melee: Hand axe          |    12 |    15 ||    27
       Headbutt          |     2 |     5 ||     7
Invok: Berserk           |     2 |     3 ||     5
       Trog's Hand       |       |     1 ||     1
 Abil: Evoke Invisibilit |       |     3 ||     3
  Use: Potion            |       |     2 ||     2
       Scroll            |       |     1 ||     1
 Stab: Invisible         |       |     1 ||     1
Armor: Animal skin       |       |     1 ||     1
Dodge: Dodged            |     4 |    15 ||    19
